 Dungeon Sprint DCSS version 0.21.1-1-g345015f (webtiles) character file.

3104 sankara the Thrower (level 9, 0/96 HPs)
             Began as a Troll Hunter on Apr 3, 2018.
             Was a Priest of Okawaru.
             Killed from afar by a white imp (7 damage)
             ... with a puff of frost
             ... summoned by a kobold demonologist
             ... in the Dungeon (Sprint I: "Red Sonja").
             The game lasted 00:07:28 (675 turns).

sankara the Thrower (Troll Hunter)                   Turns: 675, Time: 00:07:29

Health: 0/96       AC:  5    Str: 25    XL:     9   Next: 59%
Magic:  9/11       EV: 15    Int:  7    God:    Okawaru [***...]
Gold:   721        SH:  0    Dex: 10    Spells: 8/8 levels left

rFire    . . .     SeeInvis .   a - +0 giant spiked club
rCold    . . .     Gourm    +   (shield currently unavailable)
rNeg     . . .     Faith    .   l - +0 robe
rPois    .         Spirit   .   (helmet restricted)
rElec    .         Reflect  .   (no cloak)
rCorr    .         Harm     .   (gloves unavailable)
MR       .....     NoTele   +   (boots unavailable)
Stlth    +++.......             (no amulet)
HPRegen  0.66/turn              (no ring)
MPRegen  0.12/turn              (no ring)

@: heroism
A: large, unfitting armour, claws 3, fast metabolism 3, gourmand, regeneration
1, shaggy fur 1, tough skin 2
a: Heroism, Renounce Religion


You were in the Dungeon.
You worshipped Okawaru.
Okawaru was most pleased with you.
You were not hungry.

You visited 1 branch You collected 721 gold pieces.

Inventory:

Hand Weapons
 a - a +0 giant spiked club (weapon)
   (You took it off an ogre in the Dungeon)
 m - a +0 blowgun
   (You found it in the Dungeon)
Missiles
 c - 3 large rocks (quivered) {!d}
 d - 2 throwing nets {=f, !d}
 p - 4 curare-tipped needles
Armour
 l - a +0 robe (worn)
Wands
 o - a wand of polymorph (14)
   (You found it in the Dungeon)
Scrolls
 k - 2 scrolls of blinking {!r}
 n - a scroll of identify {unknown}
Potions
 b - a potion of lignification {unknown}
 e - 4 potions of curing
 g - a potion of heal wounds
 h - a potion of haste
 i - 2 potions of magic
 j - a potion of berserk rage {!q}
Books
 q - a book of Maledictions
   (You found it in the Dungeon)
Comestibles
 f - 2 rations


   Skills:
 + Level 8.0(13.0) Fighting
 * Level 10.5(15.5) Maces & Flails
 * Level 12.4(17.4) Throwing
 + Level 8.1(13.1) Dodging
 - Level 0.3(5.3) Stealth
 + Level 4.2 Invocations


You had 8 spell levels left.
You didn't know any spells.

Dungeon Overview and Level Annotations

Branches:
Dungeon (1/1)

Altars:
Cheibriados
Dithmenos
Elyvilon
Fedhas
Gozag
Hepliaklqana
Kikubaaqudgha
Makhleb
Nemelex Xobeh
Okawaru
Qazlal
Ru
Sif Muna
Trog
Uskayaw
Vehumet
Wu Jian
Xom
Yredelemnul
Zin
The Shining One
Jiyva
Lugonu

Shops:
D :[


Innate Abilities, Weirdness & Mutations

You are too large for most types of armour.
You have claws for hands.
Your metabolism is lightning-fast.
You like to eat raw meat.
Your natural rate of healing is unusually fast.
You are covered in fur. (AC +1)
You have very tough skin. (AC +2)


Message History

The kobold demonologist hits you but does no damage.
The hellwing hits you. x2
You can move again.
You thump the floating eye!
You kill the floating eye!
Okawaru accepts your kill.
Okawaru will gift you ammunition as your piety grows.
Your Invocations skill increases to level 4!
The ufetubus misses you. x2; The ufetubus hits you.
The ufetubus barely misses you.
The shadow imp shouts, "Embrace thy failure, thou quaking pigeon-egg lout!"
The kobold demonologist hits you with a dagger.
The hellwing hits you. x2
You impale the kobold demonologist!!
The kobold demonologist is severely wounded.
The ufetubus barely misses you. x2; The shadow imp barely misses you.
The kobold demonologist barely misses you.
The hellwing barely misses you. x2; The ufetubus completely misses you.
The ufetubus hits you but does no damage.
The shadow imp closely misses you. The kobold demonologist misses you.
You hit the kobold demonologist but do no damage.
The kobold demonologist is severely wounded.
The hellwing disappears in a puff of smoke!
The ufetubus closely misses you. The ufetubus barely misses you.
The kobold demonologist gestures wildly while chanting.
The ufetubus closely misses you.
The ufetubus hits you but does no damage.
The shadow imp hits you but does no damage.
The kobold demonologist hits you but does no damage.
You hit the kobold demonologist.
The kobold demonologist is severely wounded.
The ufetubus closely misses you. The ufetubus barely misses you. x3
The ufetubus hits you but does no damage.
The ufetubus closely misses you. The ufetubus barely misses you. x2
The shadow imp closely misses you.
The kobold demonologist hits you with a dagger.
You miss the kobold demonologist.
The kobold demonologist is severely wounded.
The ufetubus hits you. x2; The ufetubus closely misses you.
The ufetubus barely misses you. The shadow imp closely misses you.
The ufetubus misses you. The ufetubus completely misses you.
The kobold demonologist mumbles some strange words.
The ufetubus hits you but does no damage. x2
The shadow imp completely misses you.
You puncture the kobold demonologist!
The kobold demonologist is almost dead.
The ufetubus barely misses you. The ufetubus hits you. x2
* * * LOW HITPOINT WARNING * * *
The ufetubus misses you.
The kobold demonologist hits you with a dagger.
* * * LOW HITPOINT WARNING * * *
The ufetubus closely misses you. x2
The ufetubus hits you but does no damage.
The ufetubus barely misses you. The shadow imp closely misses you.
The kobold demonologist misses you.
You impale the kobold demonologist!!
You kill the kobold demonologist!
Okawaru accepts your kill.
The ufetubus disappears in a puff of smoke! x3
Your Fighting skill increases to level 8!
The shadow imp completely misses you.
The kobold demonologist begins to cast a cantrip, but forgets the words!
You gain the combat prowess of a mighty hero.
The shadow imp closely misses you.
You sock the shadow imp!
You kill the shadow imp!
The kobold demonologist casts a spell.
The white imp shouts, "Remove thy stench, thou rank pigeon-egg joithead!"
The white imp gestures at you. The puff of frost hits you!
* * * LOW HITPOINT WARNING * * *
The kobold demonologist barely misses you.
The white imp gestures at you. The puff of frost hits you!
* * * LOW HITPOINT WARNING * * *
There is an open door here.
You miss the kobold demonologist.
The kobold demonologist is moderately wounded.
The kobold demonologist hits you with a dagger.
* * * LOW HITPOINT WARNING * * *
The white imp closely misses you.
The red devil hits you from afar with a demon trident of electrocution!
* * * LOW HITPOINT WARNING * * *
You barely miss the kobold demonologist.
The kobold demonologist is moderately wounded.
The kobold demonologist hits you but does no damage.
The white imp gestures at you. The puff of frost hits you!
* * * LOW HITPOINT WARNING * * *
The red devil closely misses you.
Unknown command.
Throwing (i - inventory. (,) - cycle):
c - 4 large rocks (quivered)
{!d}
Press: ? - help, Shift-Dir - straight line, f/p - kobold demonologist
Aim: a kobold demonologist, wielding a dagger and wearing a robe (moderately wounded)
You throw a large rock {!d}.
The large rock {!d} hits the kobold demonologist!!
The kobold demonologist is severely wounded.
The kobold demonologist casts a spell.
The white imp gestures at you. The puff of frost hits you!
You die...

#####################
.)..#.('.)#__#..@K(5#
.#..')(#..'..'.5#545#
###(#####'#__####...+
##..#...#(####§.#####
_####..##.#§§§.G#§§#
____##'#_.(§§§§§§.§#
.∩...'..._#§§§§§#§§#
..__##_.#'##§#####+#
____###'#.#....#


You could see a kobold demonologist, a red devil, 2 quasits and 2 white imps.

Vanquished Creatures
  A centaur warrior (D)
  A deep troll (D)
  A shining eye (D)
  A kobold demonologist (D)
  A slime creature (D)
  A hornet (D)
  Sigmund (D)
  A yak (D)
  2 floating eyes (D)
  An ogre (D)
  A jelly (D)
  Ijyb (D)
  2 ballistomycetes (D)
15 creatures vanquished.

Vanquished Creatures (others)
  Sonja (D)
  2 ballistomycete spores (D)
3 creatures vanquished.

Grand Total: 18 creatures vanquished

Notes
Turn   | Place    | Note
-------+----------+-------------------------------------------
     0 | D        | sankara the Troll Hunter began the quest for the Orb.
     0 | D        | Reached XP level 1. HP: 19/19 MP: 0/0
     4 | D        | Noticed Ijyb
    21 | D        | Killed Ijyb
    21 | D        | Reached skill level 2 in Fighting
    21 | D        | Reached skill level 5 in Throwing
    21 | D        | Reached skill level 2 in Dodging
    21 | D        | Reached XP level 2. HP: 26/29 MP: 1/1
    27 | D        | Noticed an ogre
    29 | D        | Killed an ogre
    29 | D        | Reached skill level 3 in Fighting
    29 | D        | Reached skill level 6 in Throwing
    29 | D        | Reached skill level 3 in Dodging
    29 | D        | Reached XP level 3. HP: 28/39 MP: 2/2
    29 | D        | Reached XP level 4. HP: 35/48 MP: 3/3
    63 | D        | Noticed Sigmund
    82 | D        | Killed Sigmund
    82 | D        | Reached skill level 4 in Fighting
    82 | D        | Reached skill level 4 in Maces & Flails
    82 | D        | Reached skill level 8 in Throwing
    82 | D        | Reached skill level 4 in Dodging
    82 | D        | Reached XP level 5. HP: 17/55 MP: 4/4
   157 | D        | Found an ornate altar of the Wu Jian Council.
   157 | D        | Found a deep blue altar of Sif Muna.
   159 | D        | Found a radiant altar of Vehumet.
   162 | D        | Reached skill level 5 in Fighting
   162 | D        | Reached XP level 6. HP: 66/66 MP: 5/5
   181 | D        | Found Feobaos's Book Emporium.
   181 | D        | Found an ancient bone altar of Kikubaaqudgha.
   181 | D        | Found a hazy altar of Hepliaklqana.
   181 | D        | Found a stormy altar of Qazlal.
   181 | D        | Found a hide-covered altar of Uskayaw.
   181 | D        | Found a blossoming altar of Fedhas.
   181 | D        | Found a bloodstained altar of Trog.
   181 | D        | Found an iron altar of Okawaru.
   181 | D        | Found a basalt altar of Yredelemnul.
   181 | D        | Found a glowing golden altar of the Shining One.
   181 | D        | Found a snail-covered altar of Cheibriados.
   181 | D        | Found a sacrificial altar of Ru.
   181 | D        | Found a glowing silver altar of Zin.
   181 | D        | Found a shadowy altar of Dithmenos.
   181 | D        | Found a white marble altar of Elyvilon.
   181 | D        | Noticed a yak
   183 | D        | Killed a yak
   183 | D        | Reached skill level 5 in Maces & Flails
   183 | D        | Reached skill level 9 in Throwing
   183 | D        | Reached skill level 5 in Dodging
   184 | D        | Found an opulent altar of Gozag.
   185 | D        | Found a sparkling altar of Nemelex Xobeh.
   190 | D        | Became a worshipper of Warmaster Okawaru
   204 | D        | Found a burning altar of Makhleb.
   204 | D        | Found a viscous altar of Jiyva.
   204 | D        | Found a shimmering altar of Xom.
   204 | D        | Found a corrupted altar of Lugonu.
   204 | D        | Noticed a slime creature
   208 | D        | Killed a slime creature
   208 | D        | Reached * piety under Okawaru
   208 | D        | Reached skill level 6 in Maces & Flails
   208 | D        | Reached XP level 7. HP: 52/74 MP: 6/6
   258 | D        | Noticed a centaur warrior
   260 | D        | Noticed a centaur warrior
   310 | D        | HP: 11/74 [centaur warrior/arrow (20)]
   312 | D        | Killed a centaur warrior
   312 | D        | Reached ** piety under Okawaru
   312 | D        | Reached skill level 6 in Fighting
   312 | D        | Reached skill level 8 in Maces & Flails
   312 | D        | Reached skill level 10 in Throwing
   312 | D        | Reached skill level 6 in Dodging
   312 | D        | Reached XP level 8. HP: 14/84 MP: 7/7
   446 | D        | Noticed a deep troll
   447 | D        | Killed a deep troll
   447 | D        | Reached skill level 7 in Fighting
   447 | D        | Reached skill level 9 in Maces & Flails
   447 | D        | Reached skill level 11 in Throwing
   447 | D        | Reached skill level 7 in Dodging
   447 | D        | Reached skill level 2 in Invocations
   452 | D        | Found Xuochi's Armour Emporium.
   454 | D        | Noticed Sonja
   465 | D        | Noticed a hornet
   465 | D        | Killed a hornet
   499 | D        | Killed Sonja
   499 | D        | Reached skill level 3 in Invocations
   499 | D        | Reached XP level 9. HP: 62/93 MP: 6/10
   612 | D        | Noticed a shining eye
   615 | D        | Killed a shining eye
   615 | D        | Reached skill level 10 in Maces & Flails
   615 | D        | Reached skill level 12 in Throwing
   623 | D        | Paralysed by a floating eye for 4 turns
   628 | D        | Reached skill level 8 in Dodging
   650 | D        | Noticed a kobold demonologist
   651 | D        | Noticed a kobold demonologist
   651 | D        | Paralysed by a floating eye for 3 turns
   655 | D        | Noticed a hellwing
   656 | D        | Paralysed by a floating eye for 3 turns
   660 | D        | Paralysed by a floating eye for 3 turns
   663 | D        | Reached *** piety under Okawaru
   663 | D        | Reached skill level 4 in Invocations
   669 | D        | Killed a kobold demonologist
   669 | D        | Reached skill level 8 in Fighting
   671 | D        | HP: 24/96 [white imp/puff of frost[a kobold demonologist] (5)]
   672 | D        | Noticed a red devil
   674 | D        | HP: 7/96 [white imp/puff of frost[a kobold demonologist] (6)]
   675 | D        | Killed from afar by a white imp

Skill      XL: |  1  2  3  4  5  6  7  8  9 |
---------------+----------------------------+-----
Fighting       | 2 3 4 5 6 7 8 |  8.0
Throwing       | 5 6 8 9 10 11 12 | 12.4
Dodging        | 2 3 4 5 6 7 8 |  8.1
Maces & Flails | 4 6 8 9 10 | 10.5
Invocations    | 3 4 |  4.2
Stealth        | |  0.3

Action                   |  1- 3 |  4- 6 |  7- 9 || total
-------------------------+-------+-------+-------++-------
Melee: Unarmed           |    16 |       |       ||    16
       Giant spiked club |       |    19 |    22 ||    41
Throw: Large rock        |     3 |     6 |    12 ||    21
Invok: Heroism           |       |       |     4 ||     4
  Eat: Chunk             |       |     2 |     5 ||     7
Armor: Robe              |     7 |     1 |    26 ||    34
Dodge: Dodged            |     8 |    19 |    68 ||    95

Vault maps used:
D:        dungeon_sprint_1

Table legend:
 A = Turns spent in this place as a percentage of turns spent in the entire game.
 B = Non-inter-level travel turns spent in this place as a percentage of non-inter-level travel turns spent in the entire game.
 C = Inter-level travel turns spent in this place as a percentage of turns spent in this place.
 D = Turns resting spent in this place as a percentage of non-inter-level travel turns spent in this place.
 E = Turns spent auto-exploring this place as a percentage of non-inter-level travel turns spent in this place.
 F = Non-inter-level travel turns spent in this place divided by the number of levels of this place that you've seen.
                   A       B       C       D       E      F
               +-------+-------+-------+-------+-------+----------------------
         Total | 100.0 | 100.0 |   0.0 |  37.0 |   0.0 | 675.0
       Dungeon | 100.0 | 100.0 |   0.0 |  37.0 |   0.0 | 675.0
               +-------+-------+-------+-------+-------+----------------------

Table legend:
 A = Kills in this place as a percentage of kills in entire the game.
 B = Kills by you in this place as a percentage of kills by you in the entire game.
 C = Kills by friends in this place as a percentage of kills by friends in the entire game.
 D = Other kills in this place as a percentage of other kills in the entire game.
 E = Experience gained in this place as a percentage of experience gained in the entire game.
 F = Experience gained in this place divided by the number of levels of this place that you have seen.
                   A       B       C       D       E      F
               +-------+-------+-------+-------+-------+----------------------
         Total | 100.0 | 100.0 |   N/A | 100.0 | 100.0 | 4435.0
       Dungeon | 100.0 | 100.0 |   N/A | 100.0 | 100.0 | 4435.0
               +-------+-------+-------+-------+-------+----------------------
